 Dungeon Crawl Stone Soup version 0.31-a0-164-g2312942fda (webtiles) character file.

Game seed: 890704184426749915

294 olmar the Grasshopper (level 6, 0/51 HPs)
             Began as a Gnoll Warper on June 13, 2023.
             Succumbed to a scorpion's poison
             ... on level 4 of the Dungeon.
             The game lasted 00:06:55 (4016 turns).

olmar the Grasshopper (Gnoll Warper)                Turns: 4016, Time: 00:06:56

Health: 0/51       AC:  3    Str: 16    XL:     6   Next: 33%
Magic:  13/14      EV: 13    Int: 14    God:
Gold:   121        SH:  0    Dex: 12    Spells: 3/15 levels left

rFire   . . .        a - +0 mace
rCold   . . .        (no shield)
rNeg    . . .        b - +0 leather armour
rPois   .            (no helmet)
rElec   .            (no cloak)
rCorr   .            (no gloves)
SInv    +            (no boots)
Will    +....        (no amulet)
Stlth   ++           q - ring of see invisible
HPRegen 0.28/turn    f - +6 ring of strength
MPRegen 0.14/turn

%: no passive effects
@: brilliant, lethally poisoned (0 -> -4), enlightened, flying
A: fangs 1, strong nose, distributed training
a: no special abilities


You were on level 4 of the Dungeon.
You visited 1 branch of the dungeon, and saw 4 of its levels.

You collected 121 gold pieces.

Inventory:

Hand Weapons
 a - a +0 mace (weapon)
Missiles
 d - 2 boomerangs
 t - a poisoned dart (quivered)
Armour
 b - a +0 leather armour (worn)
Jewellery
 f - a +6 ring of strength (right hand)
 q - a ring of see invisible (left hand)
Scrolls
 c - a scroll of blinking
 e - a scroll of enchant armour {unknown}
 g - a scroll of brand weapon {unknown}
 h - 2 scrolls of fear {unknown}
 j - a scroll of amnesia
 l - a scroll of torment {unknown}
 m - a scroll of enchant weapon {unknown}
 r - a scroll of silence {unknown}
 s - a scroll of immolation {unknown}
Potions
 k - 2 potions of might
 o - a potion of cancellation
 p - a potion of enlightenment


   Skills:
 + Level 5.0 Fighting
 + Level 2.0 Short Blades
 + Level 2.0 Long Blades
 + Level 2.0 Axes
 + Level 5.0 Maces & Flails
 + Level 2.0 Polearms
 + Level 2.0 Staves
 + Level 2.0 Ranged Weapons
 + Level 3.2 Throwing
 + Level 3.2 Armour
 + Level 5.0 Dodging
 + Level 2.0 Stealth
 + Level 2.0 Shields
 + Level 2.0 Unarmed Combat
 + Level 5.4 Spellcasting
 + Level 1.5 Conjurations
 + Level 1.5 Hexes
 + Level 1.5 Summonings
 + Level 1.5 Necromancy
 + Level 5.6 Translocations
 + Level 1.5 Transmutations
 + Level 1.5 Fire Magic
 + Level 1.5 Ice Magic
 + Level 1.5 Air Magic
 + Level 1.5 Earth Magic
 + Level 1.5 Poison Magic
 + Level 2.2 Invocations
 + Level 2.0 Evocations


You had 3 spell levels left.
You knew the following spells:

 Your Spells              Type           Power      Damage    Failure   Level
a - Blink                 Tloc           58%        N/A       3%          2
b - Vhi's Electric Charg  Tloc/Air       40%        N/A       14%         3
c - Manifold Assault      Tloc           29%        N/A       19%         4
d - Gell's Gravitas       Tloc           29%        N/A       6%          3

Your spell library contained the following spells:

 Spells                   Type           Power      Damage    Failure   Level
 Lesser Beckoning         Tloc           58%        N/A       3%          2
 Teleport Other           Tloc           29%        N/A       6%          3
 Cause Fear               Hex            6%         N/A       71%         4
 Dragon Form              Tmut           6%         N/A       100%        7
 Dragon's Call            Summ           6%         N/A       100%        9


Dungeon Overview and Level Annotations

Branches:
Dungeon (4/15)
 Temple: D:4-7

Altars:

Shops:
D:1 :   D:4 (

Annotations:
D:4 Blork the orc


Innate Abilities, Weirdness & Mutations

You have very sharp teeth.
Your uncanny sense of smell can sniff out nearby items.
Your experience applies equally to all skills.


Message History

You hit the scorpion but do no damage.
The scorpion is heavily wounded.
You feel very sick. The scorpion stings you!
* * * LOW HITPOINT WARNING * * *
The scorpion stings you.
* * * LOW HITPOINT WARNING * * *
Okay, then.
Blink to where?
Press: ? - help, Dir - move target, p - scorpion
As you read the scroll of blinking, it crumbles to dust.
You feel stable enough to blink again.
* * * LOW HITPOINT WARNING * * *
You feel very sick.
It was a potion of brilliance.
You feel clever all of a sudden.
* * * LOW HITPOINT WARNING * * *
You feel sick.
It was a potion of enlightenment.
You feel very buoyant.
You fly up into the air.
* * * LOW HITPOINT WARNING * * *
You feel sick.
Okay, then.
You aren't carrying any items that you can evoke.
Blink to where?
Press: ? - help, Dir - move target
Okay, then.
Throw: 2 darts (poison)
Press: ? - help, Q - select action, (/) - cycle Shift-Dir - straight line, f - scorpion
Aim: a scorpion (heavily wounded, 60% to hit)
You throw a poisoned dart. The poisoned dart hits the scorpion!
The scorpion is poisoned.
The scorpion is heavily wounded.
* * * LOW HITPOINT WARNING * * *
You feel sick.
Blink to where?
Press: ? - help, Dir - move target, p - scorpion
As you read the scroll of blinking, it crumbles to dust.
You die...

#. #.###
#.##J# #...(#
##.####..s#
#.(.....#.#
#....####.#
#.## #§#
#.### #.@.#
###.#########
##...∩......#
#..########.#
##.## #..#
####'####
###~~~.~~~#
#.#~~...~~#


You could see a scorpion (very poisoned) and an endoplasm.

Vanquished Creatures
  A phantom (D:3)
  2 sleepcaps (D:3)
  Natasha (twice) (D:4)
  2 adders (D:3)
  3 worms
  4 dart slugs
  5 orcs (D:3)
  7 bats
  2 endoplasms (D:1)
  3 giant cockroaches
  8 hobgoblins
  5 jackals
  2 quokkas
  4 ball pythons
  7 frilled lizards
  6 goblins
  7 kobolds
  7 rats
77 creatures vanquished.

Notes
Turn   | Place    | Note
-------+----------+-------------------------------------------
     0 | D:1      | olmar the Gnoll Warper began the quest for the Orb.
     0 | D:1      | Reached XP level 1. HP: 20/20 MP: 6/6
    27 | D:1      | Reached XP level 2. HP: 8/26 MP: 7/7
   111 | D:1      | Found Weasirea's Vocational Training.
   359 | D:1      | Learned a level 2 spell: Blink
   533 | D:1      | Reached skill level 5 in Spellcasting
   533 | D:1      | Reached XP level 3. HP: 30/31 MP: 7/9
   884 | D:1      | Reached skill level 1 in Invocations
  1132 | D:2      | Learned a level 3 spell: Vhi's Electric Charge
  1306 | D:2      | Reached skill level 1 in Short Blades
  1306 | D:2      | Reached skill level 1 in Long Blades
  1306 | D:2      | Reached skill level 1 in Axes
  1306 | D:2      | Reached skill level 1 in Polearms
  1306 | D:2      | Reached skill level 1 in Staves
  1306 | D:2      | Reached skill level 1 in Ranged Weapons
  1306 | D:2      | Reached skill level 1 in Stealth
  1306 | D:2      | Reached skill level 1 in Shields
  1306 | D:2      | Reached skill level 1 in Unarmed Combat
  1306 | D:2      | Reached skill level 1 in Evocations
  1868 | D:3      | Reached XP level 4. HP: 30/38 MP: 11/11
  2333 | D:3      | Learned a level 4 spell: Manifold Assault
  2337 | D:3      | Learned a level 3 spell: Gell's Gravitas
  2484 | D:3      | Reached skill level 1 in Conjurations
  2484 | D:3      | Reached skill level 1 in Hexes
  2484 | D:3      | Reached skill level 1 in Summonings
  2484 | D:3      | Reached skill level 1 in Necromancy
  2484 | D:3      | Reached skill level 1 in Transmutations
  2484 | D:3      | Reached skill level 1 in Fire Magic
  2484 | D:3      | Reached skill level 1 in Ice Magic
  2484 | D:3      | Reached skill level 1 in Air Magic
  2484 | D:3      | Reached skill level 1 in Earth Magic
  2484 | D:3      | Reached skill level 1 in Poison Magic
  2755 | D:3      | Noticed a phantom
  2818 | D:3      | Reached XP level 5. HP: 7/43 MP: 12/12
  3115 | D:4      | Found Jipnix's Antique Weapon Shop.
  3115 | D:4      | Noticed Blork the orc
  3137 | D:4      | Noticed an ice beast
  3762 | D:3      | Killed a phantom
  3763 | D:3      | Reached XP level 6. HP: 12/50 MP: 14/14
  3974 | D:4      | Noticed Natasha
  3983 | D:4      | Killed Natasha
  3984 | D:4      | Reached skill level 5 in Fighting
  3984 | D:4      | Reached skill level 5 in Maces & Flails
  3984 | D:4      | Reached skill level 5 in Dodging
  3988 | D:4      | Noticed Natasha
  3994 | D:4      | Killed Natasha
  4013 | D:4      | HP: 2/51 [poisoned by a scorpion]
  4016 | D:4      | Succumbed to a scorpion's poison

Illustrated notes

Levels and vault maps discovered:
D:1:      sevenhm_arrival_forest_fort_small_4, layout_basic,
          nicolae_shop_vocational
D:2:      layout_basic
D:3:      layout_basic, eino_tiny_chamber, kennysheep_big_empty_room,
          hellmonk_no_cap
D:4:      layout_basic, serial_shops, shop, shop_statue,
          nicolae_shop_rolling_square, shop, kennysheep_generic_room_8,
          uniq_natasha, uniq_eustachio, uniq_grinder, uniq_blork_the_orc,
          uniq_sigmund

Skill      XL: |  1  2  3  4  5  6 |
---------------+-------------------+-----
Spellcasting   | 5 |  5.4
Invocations    | 1 2 |  2.2
Short Blades   | 1 2 |  2.0
Long Blades    | 1 2 |  2.0
Axes           | 1 2 |  2.0
Polearms       | 1 2 |  2.0
Staves         | 1 2 |  2.0
Ranged Weapons | 1 2 |  2.0
Stealth        | 1 2 |  2.0
Shields        | 1 2 |  2.0
Unarmed Combat | 1 2 |  2.0
Evocations     | 1 2 |  2.0
Conjurations   | 1 |  1.5
Hexes          | 1 |  1.5
Summonings     | 1 |  1.5
Necromancy     | 1 |  1.5
Transmutations | 1 |  1.5
Fire Magic     | 1 |  1.5
Ice Magic      | 1 |  1.5
Air Magic      | 1 |  1.5
Earth Magic    | 1 |  1.5
Poison Magic   | 1 |  1.5
Throwing       | 3 |  3.2
Armour         | 3 |  3.2
Fighting       | 5 |  5.0
Maces & Flails | 5 |  5.0
Dodging        | 5 |  5.0
Translocations | |  5.6

Action                     |  1- 3 |  4- 6 || total
---------------------------+-------+-------++-------
  Melee: Mace              |   141 |   153 ||   294
         Bite              |    14 |    18 ||    32
         Punch             |     2 |     2 ||     4
  Throw: Dart              |     2 |     3 ||     5
         Boomerang         |       |    28 ||    28
   Cast: Vhi's Electric Ch |       |     2 ||     2
         Blink             |       |     2 ||     2
         Gell's Gravitas   |       |     8 ||     8
    Use: Scroll            |     4 |     8 ||    12
         Potion            |       |     5 ||     5
   Stab: Sleeping          |     3 |       ||     3
 Armour: Leather armour    |    44 |    20 ||    64
  Dodge: Dodged            |    98 |   118 ||   216

Table legend: (Time is in decaauts)
 A = Elapsed time spent in this place.
 B = Non-inter-level travel time spent in this place.
 C = Inter-level travel time spent in this place.
 D = Time resting spent in this place.
 E = Time spent auto-exploring this place.
 F = Levels seen in this place.
 G = Mean time per level.
                   A        B        C        D        E       F      G
               +--------+--------+--------+--------+--------+-----+--------+
         Total |   4054 |   3920 |    134 |    687 |   2448 |   4 | 1013.5 |
       Dungeon |   4054 |   3920 |    134 |    687 |   2448 |   4 | 1013.5 |
               +--------+--------+--------+--------+--------+-----+--------+

Top non-repeatable levels by time:
     D:3: 1804 daAuts
     D:1: 1025 daAuts
     D:2: 742 daAuts
     D:4: 482 daAuts
